 Dungeon Crawl Stone Soup version 0.21-a0-201-g8501b10 (webtiles) character file.

1979 Jeffwins the Cleaver (level 9, -22/79 HPs)
             Began as a Minotaur Abyssal Knight on Aug 18, 2017.
             Was a Priest of Lugonu.
             Engulfed by a cloud of flame (24 damage)
             ... on level 6 of the Dungeon.
             The game lasted 00:11:08 (6578 turns).

Jeffwins the Cleaver (Minotaur Abyssal Knight)      Turns: 6578, Time: 00:11:09

Health: -22/79     AC: 17    Str: 18    XL:     9   Next: 1%
Magic:  10/12      EV:  9    Int:  9    God:    Lugonu [***...]
Gold:   348        SH:  0    Dex: 12    Spells: 8/8 levels left

rFire    . . .     SeeInvis .   a - +2 hand axe
rCold    . . .     Gourm    .   (no shield)
rNeg     . . .     Faith    .   i - +3 chain mail
rPois    .         Spirit   .   (helmet restricted)
rElec    .         Reflect  .   (no cloak)
rCorr    .         Harm     .   z - +0 pair of gloves
MR       .....                  w - +0 pair of boots
Stlth    ..........             (no amulet)
HPRegen  0.23/turn              (no ring)
MPRegen  0.13/turn              (no ring)

@: no status effects
A: retaliatory headbutt, horns 2, thin metallic scales 1, mutation resistance 1
a: Depart the Abyss, Bend Space, Banish, Renounce Religion


You were on level 6 of the Dungeon.
You worshipped Lugonu.
Lugonu was most pleased with you.
You were not hungry.

You visited 1 branch of the dungeon, and saw 6 of its levels.
You visited the Abyss 1 time.
You also visited: Sewer.

You collected 348 gold pieces.

Inventory:

Hand Weapons
 a - a +2 hand axe (weapon)
 v - a +1 flail of crushing
 x - a +0 war axe
Missiles
 A - 6 javelins (quivered)
Armour
 b - a +0 leather armour
 f - a +0 robe of positive energy
 i - a +3 chain mail (worn)
 l - a +0 ring mail
 w - a +0 pair of boots (worn)
 z - a +0 pair of gloves (worn)
Wands
 y - a wand of acid (5/15)
Scrolls
 e - a scroll of remove curse
 g - 3 scrolls of recharging {unknown}
 h - a scroll of magic mapping {unknown}
 j - 4 scrolls of identify {unknown}
 m - 3 scrolls of fear
 o - 7 scrolls of teleportation {unknown}
 r - 4 scrolls of amnesia
Potions
 n - 3 potions of lignification {unknown}
 p - 3 potions of curing {unknown}
 q - 3 potions of heal wounds {unknown}
 s - a potion of degeneration {unknown}
 t - a potion of haste
 u - a potion of brilliance {unknown}
 B - a potion of berserk rage
 C - a potion of flight {unknown}
 D - a potion of might
Comestibles
 c - 7 bread rations
 d - 5 meat rations
 k - 13 fruits


   Skills:
 + Level 7.3 Fighting
 * Level 9.4 Axes
 - Level 5.0 Armour
 + Level 3.7 Dodging
 + Level 5.3 Invocations


You had 8 spell levels left.
You didn't know any spells.

Dungeon Overview and Level Annotations

Branches:
Dungeon (6/15)             Temple (0/1) D:6

Altars:
Cheibriados
Dithmenos
Fedhas
Makhleb
Qazlal
Uskayaw

Shops:
D:4 =   D:5 =}


Innate Abilities, Weirdness & Mutations

You reflexively headbutt those who attack you in melee.
You have a pair of horns on your head.
You are partially covered in thin metallic scales. (AC +2)
You are somewhat resistant to further mutation.


Message History

HP restored.
Wear which item? (? for menu, Esc to quit)
Okay, then.
Really walk into a travel-excluded area?
Things that are here:
a dagger; 4 tomahawks Really walk into that cloud of flame?
You are engulfed in blazing flames.
You see here a viscous emerald potion.
You are engulfed in blazing flames.
You are engulfed in blazing flames.
You see here a viscous emerald potion.
p - 3 viscous emerald potions (gained 1)
You are engulfed in blazing flames.
* * * LOW HITPOINT WARNING * * *
Unknown command.
Space bends sharply around you!
You blink.
You are engulfed in blazing flames.
* * * LOW HITPOINT WARNING * * *
Space bends around you!
You blink.
You are engulfed in blazing flames.
You die...

#...⌠..# #.# #......#
####.######## #.⌠.>.⌠#
#...........# #......##
#.####.####.## ....⌠...# #.# #§#
#..# #.......#########.# ##§##
#..#
#................§#########§§####
###.#############§§§§#8#§§§......
.#.### #@§#########§##### .....##
#..# ##§## #.#
#.....##########..# #§# #.#
.................)####§####.#
#.....##########............#
##...## #.......#.#.##.#.######
###.## #.####..#.#.##...# #...
###.# #.# #.........#.###.##
....# #.# #......##.........


There were no monsters in sight!

Vanquished Creatures
  The ghost of Jeffwins the Carver, a novice VSAK of Lugonu (D:5)
  Sigmund (D:3)
  The ghost of Jeffwins the Slasher, an amateur VSAK of Lugonu (D:4)
  2 sky beasts
  An ice beast (D:6)
  5 ogres
  A centaur (D:5)
  A crocodile (Sewer)
  A water moccasin skeleton (D:5)
  A howler monkey (D:4)
  A centaur zombie (D:6)
  A jelly (D:5)
  2 orc priests
  A hound (D:2)
  Ijyb (D:5)
  An orc wizard (D:4)
  3 worker ants
  Robin (D:3)
  5 adders
  4 gnolls (D:4)
  A shadow imp (D:6)
  An ooze (D:2)
  A worm (D:3)
  2 dart slugs (D:1)
  3 leopard geckos
  14 orcs
  7 bats
  3 giant cockroaches
  8 hobgoblins
  8 jackals
  A quokka (D:2)
  6 frilled lizards
  23 goblins
  A jackal zombie (D:5)
  9 kobolds
  A quokka skeleton (D:4)
  9 rats
133 creatures vanquished.

Vanquished Creatures (others)
  2 orcs (D:6)
2 creatures vanquished.

Grand Total: 135 creatures vanquished

Notes
Turn   | Place    | Note
-------+----------+-------------------------------------------
     0 | Abyss:1  | Jeffwins the Minotaur Abyssal Knight began the quest for the Orb.
     0 | Abyss:1  | Reached XP level 1. HP: 19/19 MP: 1/1
    37 | Abyss:1  | Noticed a thrashing horror
    37 | D:1      | Escaped the Abyss
   187 | D:1      | Reached XP level 2. HP: 16/27 MP: 2/2
   531 | D:1      | Reached skill level 3 in Axes
   644 | D:1      | Reached * piety under Lugonu
  1125 | D:2      | Reached XP level 3. HP: 33/33 MP: 3/3
  1734 | D:2      | Reached XP level 4. HP: 40/40 MP: 4/4
  1758 | D:2      | Reached skill level 4 in Axes
  1883 | D:2      | Found a burning altar of Makhleb.
  2036 | D:3      | Noticed Robin
  2076 | D:3      | Noticed Sigmund
  2134 | D:3      | Found a glowing drain.
  2146 | Sewer    | Entered a sewer
  2192 | Sewer    | Noticed a crocodile
  2214 | Sewer    | Killed a crocodile
  2214 | Sewer    | Reached ** piety under Lugonu
  2214 | Sewer    | Reached skill level 5 in Axes
  2214 | Sewer    | Reached XP level 5. HP: 38/47 MP: 4/6
  2289 | Sewer    | Gained mutation: You are partially covered in thin metallic scales. (AC +2) [potion of mutation]
  2289 | Sewer    | Gained mutation: You are somewhat resistant to further mutation. [potion of mutation]
  2397 | D:3      | Killed Robin
  2401 | D:3      | Reached skill level 5 in Fighting
  2622 | D:3      | Killed Sigmund
  2622 | D:3      | Reached XP level 6. HP: 54/56 MP: 7/7
  3011 | D:3      | Found a stormy altar of Qazlal.
  3065 | D:4      | Noticed Jeffwins's ghost (amateur VSAK)
  3071 | D:4      | Killed Jeffwins's ghost
  3071 | D:4      | Reached skill level 6 in Axes
  3071 | D:4      | Reached XP level 7. HP: 53/61 MP: 8/8
  3167 | D:4      | Found Zoefuijun's Jewellery Shoppe.
  3514 | D:4      | Reached *** piety under Lugonu
  4015 | D:4      | Reached skill level 7 in Axes
  4095 | D:5      | Entered Level 5 of the Dungeon
  4129 | D:5      | Reached skill level 5 in Armour
  4162 | D:5      | Reached XP level 8. HP: 29/70 MP: 10/10
  4212 | D:5      | Noticed Ijyb
  4231 | D:5      | Killed Ijyb
  4346 | D:5      | Noticed Jeffwins's ghost (novice VSAK)
  4643 | D:5      | Killed Jeffwins's ghost
  4643 | D:5      | Reached skill level 8 in Axes
  4773 | D:5      | Found Xurr's Jewellery Shop.
  4912 | D:5      | Found a blossoming altar of Fedhas.
  4912 | D:5      | Found a hide-covered altar of Uskayaw.
  4918 | D:5      | Found a shadowy altar of Dithmenos.
  4920 | D:5      | Found a faded altar of an unknown god.
  4922 | D:5      | Found a faded altar of an unknown god.
  5044 | D:5      | Found Lauwof's Gadget Emporium.
  5131 | D:5      | Reached skill level 5 in Invocations
  5264 | D:6      | Found a staircase to the Ecumenical Temple.
  5448 | D:6      | Found a snail-covered altar of Cheibriados.
  5457 | D:6      | Reached skill level 9 in Axes
  5886 | D:6      | Reached XP level 9. HP: 62/79 MP: 10/12
  6226 | D:6      | HP: 1/79 [something (19)]
  6577 | D:6      | HP: 3/79 [something (18)]
  6578 | D:6      | Engulfed by a cloud of flame

Vault maps used:
D:1:      lightli_arrival_farm, minmay_misc_feat_tiny
D:2:      kennysheep_six_static_rooms, makhleb_blood_cavern_becter
D:3:      first_bread, cheibrodos_sewer_entry_sluice,
          nicolae_qazlal_eye_of_the_storm, uniq_robin, uniq_sigmund
D:4:      serial_curves, eino_curves_03, eino_curves_01, serial_shops,
          nicolae_shop_temple_entry_statues_fountains, minmay_ogre_servants
D:5:      chequers_temple_overflow_minitemple, serial_shops, shop,
          nicolae_shop_crystal, minmay_misc_feat_diagonals, uniq_ijyb
D:6:      cheibriados_altar_1, temple_fountains, lemuel_flamethrower_2
Sewer:    sewer_the_crocodile

Skill      XL: |  1  2  3  4  5  6  7  8 |
---------------+-------------------------+-----
Axes           | 3 5 6 7 9 |  9.4
Fighting       | 4 5 6 7 |  7.3
Invocations    | 2 3 4 5 |  5.3
Armour         | 3 4 5 |  5.0
Dodging        | 3 |  3.7

Action                   |  1- 3 |  4- 6 |  7- 9 || total
-------------------------+-------+-------+-------++-------
Melee: Hand axe          |   104 |    98 |   221 ||   423
       Headbutt          |    12 |     8 |    36 ||    56
Invok: Depart the Abyss  |     1 |       |       ||     1
       Bend Space        |       |       |     2 ||     2
  Use: Scroll            |       |     8 |       ||     8
       Potion            |       |     4 |       ||     4
  Eat: Chunk             |     3 |     3 |     9 ||    15
       Fruit             |       |       |     2 ||     2
       Royal jelly       |       |       |     1 ||     1
Armor: Leather armour    |    16 |       |       ||    16
       Ring mail         |    18 |    30 |    77 ||   125
Dodge: Dodged            |    55 |    39 |    89 ||   183
